 Dungeon Crawl Stone Soup version 0.29.1-15-g9cfb28693d (webtiles) character file.

Game seed: 6334569355058152348

1655068 infinitevox the Peltast (level 24, 129/208 HPs)
             Began as a Demonspawn Wanderer on Oct 27, 2022.
             Was a High Priest of Ashenzari.
             Escaped with the Orb
             ... and 3 runes on Dec 1, 2023!
             The game lasted 06:31:44 (65423 turns).

infinitevox the Peltast (Demonspawn Wanderer)      Turns: 65423, Time: 06:31:45

Health: 129/208    AC: 25    Str: 10 (11) XL:     24   Next: 56%
Magic:  33/33      EV: 35    Int: 11      God:    Ashenzari [*****.]
Gold:   2230       SH: 31    Dex: 37 (38) Spells: 23/37 levels left

rFire   + + +      SeeInvis +     - Unarmed
rCold   + + +      Faith    .   m - +5 kite shield of the Shackled Sky {AC+3, Self, Bglg} (curse)
rNeg    + + +      Spirit   .   G - quicksilver dragon scales of Panopticon {Will+, Melee, Alch} (curse)
rPois   +          Reflect  +   f - -2 hat of the Alchemist {rElec rPois rF+ rC+ rN+ Will+ rMut rCorr, Melee, Cun} (curse)
rElec   +          Harm     .   y - +3 cloak of the Stellar Seer {rN+, Comp, Fort} (curse)
rCorr   +          Rampage  +   (gloves unavailable)
rMut    +          Clarity  +   q - +2 pair of boots of the Chained Paranoia {rampage, Evo, Bglg} (curse)
Will    ++++.                   c - amulet of Ashenzari's Chagrin {Reflect SH+5 SInv, Melee, Comp} (curse)
Stlth   +.........              R - ring "Bound Ordeal" {rN+ Dex+9 Slay+4, Comp, Melee} (curse)
HPRegen 0.44/turn               j - ring of Ouranomancy {rElec rF++ rC+, Self, Evo} (curse)
MPRegen 0.23/turn

@: mighty, resistant, flying, repel missiles
A: claws 3, repulsion field 3, demonic guardian 3, ignite blood 2, torment
resistance 1, demonic willpower, deterioration 1
0: Orb of Zot
}: 3/15 runes: serpentine, barnacled, silver
a: Renounce Religion, Curse Item, Shatter the Chains


You escaped.
You worshipped Ashenzari.
Ashenzari was extremely pleased with you.
You visited 9 branches of the dungeon, and saw 45 of its levels.
You visited the Abyss 1 time.
You visited 1 bazaar.
You also visited: Ossuary, Bailey and Ice Cave.

You collected 8391 gold pieces.
You spent 6161 gold pieces at shops.

Inventory:

Hand Weapons
 T - the +8 autumn katana {vorpal, manifold assault}
   (You took it off an ironbound convoker on level 5 of the Vaults)

   It sometimes launches melee attacks against multiple visible enemies.
Armour
 f - the cursed -2 hat of the Alchemist (worn) {rElec rPois rF+ rC+ rN+ Will+ rMut rCorr, Melee, Cun}
   (You bought it in a shop on level 2 of the Orcish Mines)

   rF:        It protects you from fire.
   rC:        It protects you from cold.
   rElec:     It insulates you from electricity.
   rPois:     It protects you from poison.
   rN:        It protects you from negative energy.
   rCorr:     It protects you from acid and corrosion.
   rMut:      It protects you from mutation.
   Will:      It increases your willpower.
   It has a curse which improves the following skills: Melee Combat: Short
   Blades, Long Blades, Axes, Maces & Flails, Polearms, Staves and Unarmed
   Combat.
   Cunning:   Dodging and Stealth.
 h - the +0 pair of boots of Midnight {rN+ Str+4 Dex+5}
   (You found it on level 3 of the Vaults)

   Str:       It affects your strength (+4).
   Dex:       It affects your dexterity (+5).
   rN:        It protects you from negative energy.
 m - the cursed +5 kite shield of the Shackled Sky (worn) {AC+3, Self, Bglg}
   (You took it off a naga warrior on level 2 of the Snake Pit)

   It has a curse which improves the following skills: Introspection: Fighting
   and Spellcasting.
   Beguiling: Conjurations, Hexes and Translocations.
 q - the cursed +2 pair of boots of the Chained Paranoia (worn) {rampage, Evo, Bglg}
   (You bought it in a shop on level 2 of the Orcish Mines)

   It has a curse which improves the following skills: Evocations: Evocations.
   Beguiling: Conjurations, Hexes and Translocations.
 y - the cursed +3 cloak of the Stellar Seer (worn) {rN+, Comp, Fort}
   (You found it on level 6 of the Dungeon)

   rN:        It protects you from negative energy.
   It has a curse which improves the following skills: Companions: Summonings
   and Necromancy.
   Fortitude: Armour and Shields.
 G - the cursed quicksilver dragon scales of Panopticon (worn) {Will+, Melee, Alch}
   (You found it on level 5 of the Vaults)

   Will:      It increases your willpower.
   It has a curse which improves the following skills: Melee Combat: Short
   Blades, Long Blades, Axes, Maces & Flails, Polearms, Staves and Unarmed
   Combat.
   Alchemy:   Poison Magic and Transmutations.
Jewellery
 c - the cursed amulet of Ashenzari's Chagrin (around neck) {Reflect SH+5 SInv, Melee, Comp}
   (You bought it in a shop on level 4 of the Snake Pit)

   [amulet of reflection]

   It reflects blocked missile attacks.
   SInv:      It lets you see invisible.
   SH:        It affects your SH (+5).
   It has a curse which improves the following skills: Melee Combat: Short
   Blades, Long Blades, Axes, Maces & Flails, Polearms, Staves and Unarmed
   Combat.
   Companions: Summonings and Necromancy.
 j - the cursed ring of Ouranomancy (right claw) {rElec rF++ rC+, Self, Evo}
   (You found it on level 1 of the Vaults)

   [ring of protection from cold]

   rF:        It greatly protects you from fire.
   rC:        It protects you from cold.
   rElec:     It insulates you from electricity.
   It has a curse which improves the following skills: Introspection: Fighting
   and Spellcasting.
   Evocations: Evocations.
 R - the cursed ring "Bound Ordeal" (left claw) {rN+ Dex+9 Slay+4, Comp, Melee}
   (You bought it in a shop on level 3 of the Shoals)

   [ring of slaying]

   Dex:       It affects your dexterity (+9).
   Slay:      It affects your accuracy & damage with ranged weapons and melee
   (+4).
   rN:        It protects you from negative energy.
   It has a curse which improves the following skills: Companions: Summonings
   and Necromancy.
   Melee Combat: Short Blades, Long Blades, Axes, Maces & Flails, Polearms,
   Staves and Unarmed Combat.
Wands
 l - a wand of flame (9)
 A - a wand of iceblast (9)
 C - a wand of acid (7)
 F - a wand of paralysis (8)
 H - a wand of mindburst (14)
 N - a wand of digging (20)
 Y - a wand of polymorph (13)
Scrolls
 e - 5 scrolls of silence
 k - 8 scrolls of butterflies
 o - 11 scrolls of teleportation
 s - 5 scrolls of torment
 x - 13 scrolls of poison
 D - 13 scrolls of fear
 I - 2 scrolls of immolation
 M - 2 scrolls of enchant armour
Potions
 g - 13 potions of flight
 p - 6 potions of brilliance
 r - 7 potions of magic
 t - 5 potions of resistance
 z - 4 potions of berserk rage
 B - 16 potions of curing
 O - 6 potions of cancellation
Miscellaneous
 b - a condenser vane (inert)
 i - a tin of tremorstones (2/2)
 n - a piece from Xom's chessboard (15/15)
 u - a tin of tremorstones (2/2)
 J - a phial of floods (inert)
 L - a piece from Xom's chessboard (15/15)
 V - a lightning rod (3/4)
 W - a piece from Xom's chessboard (15/15)
 X - a phantom mirror (inert)
 Z - a box of beasts (inert)


   Skills:
 + Level 18.2(21.4) Fighting
 - Level 8.0(13.4) Long Blades
 - Level 0.3(1.9) Polearms
 - Level 0.3 Ranged Weapons
 - Level 3.0 Throwing
 - Level 15.0(17.2) Armour
 + Level 16.1(18.3) Dodging
 - Level 1.0(2.3) Stealth
 - Level 20.3(22.3) Shields
 + Level 19.6(24.8) Unarmed Combat
 - Level 4.0(7.1) Spellcasting
 - Level 4.1(7.3) Conjurations
 - Level 0.6(2.1) Hexes
 - Level 0.4(2.0) Summonings
 - Level 0.5(2.2) Necromancy
 - Level 4.0(7.2) Translocations
 - Level 0.3(1.1) Transmutations
 - Level 1.1 Fire Magic
 - Level 0.3 Ice Magic
 - Level 10.0 Air Magic
 - Level 0.3 Earth Magic
 - Level 0.4(1.3) Poison Magic
 - Level 0.6 Invocations
 - Level 16.7(20.0) Evocations


You had 23 spell levels left.
You knew the following spells:

 Your Spells              Type           Power      Damage    Failure   Level
a - Shock                 Conj/Air       88%        1d8       1%          1
b - Blink                 Tloc           38%        N/A       3%          2
c - Sticky Flame          Conj/Fire      13%        2d4       56%         4
d - Airstrike             Air            12%        2d(2-18)  6%          4
e - Swiftness             Air            25%        N/A       1%          3

Your spell library contained the following spells:

 Spells                   Type           Power      Damage    Failure   Level
 Apportation              Tloc           38%        N/A       1%          1
 Lesser Beckoning         Tloc           19%        N/A       6%          3
 Necrotise                Necr           32%        1d5       16%         1
 Slow                     Hex            32%        N/A       16%         1
 Summon Small Mammal      Summ           32%        N/A       17%         1
 Portal Projectile        Hex/Tloc       28%        N/A       17%         3
 Conjure Flame            Conj/Fire      13%        6-21      21%         3
 Passage of Golubria      Tloc           19%        N/A       21%         4
 Sublimation of Blood     Necr           8%         N/A       24%         2
 Stone Arrow              Conj/Erth      24%        3d8       24%         3
 Freeze                   Ice            16%        1d4       34%         1
 Sandblast                Erth           8%         2d5       34%         1
 Ensorcelled Hibernation  Hex/Ice        12%        N/A       34%         2
 Wereblood                Tmut           6%         N/A       36%         2
 Passwall                 Tmut/Erth      4%         N/A       41%         2
 Tukima's Dance           Hex            8%         N/A       43%         3
 Call Canine Familiar     Summ           8%         N/A       45%         3
 Iskenderun's Battlesphe  Conj           20%        2d7       47%         5
 Manifold Assault         Tloc           19%        N/A       50%         5
 Inner Flame              Hex/Fire       7%         N/A       52%         3
 Corpse Rot               Necr/Pois/Air  13%        N/A       52%         4
 Ignite Poison            Fire/Tmut/Pois 6%         N/A       58%         3
 Hailstorm                Conj/Ice       12%        3d5       63%         4
 Freezing Cloud           Conj/Ice/Air   8%         6-21      67%         5
 Frozen Ramparts          Ice            8%         1d2       71%         3
 Ozocubu's Armour         Ice            4%         N/A       71%         3
 Dispel Undead            Necr           8%         3d8       83%         4
 Cause Fear               Hex            4%         N/A       85%         4
 Summon Forest            Summ/Tloc      7%         N/A       86%         5
 Fireball                 Conj/Fire      6%         3d5       88%         5
 Irradiate                Conj/Tmut      6%         3d13      88%         5
 Leda's Liquefaction      Hex/Erth       3%         N/A       93%         4
 Animate Armour           Summ/Erth      12%        N/A       94%         4
 Summon Ice Beast         Ice/Summ       6%         N/A       94%         4
 Ice Form                 Ice/Tmut       5%         N/A       96%         4
 Petrify                  Tmut/Erth      5%         N/A       96%         4
 Yara's Violent Unravell  Hex/Tmut       3%         3d4       99%         5
 Alistair's Intoxication  Tmut/Pois      4%         N/A       100%        5
 Blade Hands              Tmut           3%         N/A       100%        5
 Metabolic Englaciation   Hex/Ice        3%         N/A       100%        5
 Death Channel            Necr           4%         N/A       100%        6
 Iron Shot                Conj/Erth      6%         9d2       100%        6
 Simulacrum               Ice/Necr       3%         N/A       100%        6
 Starburst                Conj/Fire      6%         6d4       100%        6
 Statue Form              Tmut/Erth      3%         N/A       100%        6
 Dragon Form              Tmut           3%         N/A       100%        7
 Ozocubu's Refrigeration  Ice            2%         4d7       100%        7
 Spellforged Servitor     Conj/Summ      7%         N/A       100%        7
 Storm Form               Tmut/Air       8%         N/A       100%        7
 Summon Hydra             Summ           4%         N/A       100%        7
 Disjunction              Tloc           9%         N/A       100%        8
 Ignition                 Fire           3%         3d4       100%        8
 Lehudib's Crystal Spear  Conj/Erth      6%         10d3      100%        8
 Dragon's Call            Summ           4%         N/A       100%        9
 Polar Vortex             Ice            2%         N/A       100%        9


Dungeon Overview and Level Annotations

Branches:
Dungeon (15/15)            Temple (1/1) D:4            Lair (5/5) D:10
 Shoals (4/4) Lair:2        Snake (4/4) Lair:3        Slime (0/5) Lair:4
    Orc (2/2) D:9             Elf (0/3) Orc:2        Vaults (5/5) D:14
  Crypt (0/3) Vaults:3     Depths (4/4) D:15            Zot (5/5) Depths:4
Ossuary (visited)          Bailey (visited)           IceCv (visited)

Altars:
Ashenzari
Cheibriados
Dithmenos
Fedhas
Gozag
Hepliaklqana
Kikubaaqudgha
Makhleb
Nemelex Xobeh
Okawaru
Qazlal
Ru
Sif Muna
Trog
Uskayaw
Vehumet
Wu Jian
Xom
Yredelemnul

Shops:
Orc:2 [((=   Shoals:2 (   Shoals:3 =   Snake:1 :=:?   Snake:3 !?:(   Snake:4 =
Vaults:2 *   Vaults:5 !!   Depths:1 **[?

Portals:
Hell: Depths:1 Depths:2 Depths:3 Depths:4
Abyss: D:1*** Depths:3
Pandemonium: Depths:1 Depths:2 Depths:3
Ziggurat: Depths:3

Annotations:
D:14 6 transporters
Depths:2 3 runed translucent doors, Gemnonof's ghost, adept DgCj


Innate Abilities, Weirdness & Mutations

You have claws for hands.
You are surrounded by a strong repulsion field. (EV +4, RMsl)
A powerful demonic guardian rushes to your aid.
Your demonic aura often causes spilled blood to erupt in flames.
You are resistant to unholy torment.
You punish those that try to bend your will. (Will+)
Your body sometimes deteriorates upon taking damage.


Message History

A blizzard demon comes into view.
There is an escape hatch in the floor here.
There is a stone staircase leading up here.
The blizzard demon gestures at you. The freezing blast misses you.
You climb upwards.
There is a stone staircase leading down here.
An Executioner and 2 large abominations come into view.
There is a stone staircase leading up here.
You climb upwards.
There is a stone staircase leading down here.
Casting: Swiftness (safe; 1% risk of failure)
Confirm with . or Enter, or press ? or * to list all spells.
You feel quick.
(D) Dungeon (T) Temple (L) Lair (A) Shoals (P) Snake Pit (M) Slime Pits (O) Orcish Mines (E) Elven Halls (V) Vaults (C) Crypt (U) Depths (H) Hell (Z) Zot
Where to? (Enter - D:1, ? - help)
What level of the Dungeon? (default 1, ? - help)
You start to feel a little slower.
There is an open door here.
Magic restored.
You feel sluggish.
There is a stone staircase leading up here.
You climb upwards.
There is a stone staircase leading down here.
You start to feel a little faster.
Things that are here:
a ball python skeleton; a ball python skeleton You sense a monster nearby.
You feel protected.
You no longer feel sluggish.
You feel very mighty all of a sudden.
You feel very buoyant.
You fly up into the air.
Things that are here:
5 stones; a +0 whip
There is a staircase leading out of the dungeon here.
You can't go down here!
You have escaped!

# ###############.##{..... ##
#####.....#####.{....... .#
##...#.....#...####>..... .#
##.∩.#.....#.∩?####.###.. .#
##...#.....#...####......
.#############.....#############.
.).....##...............########÷
######..#................#######.
##.#.......@.........######(
#.................#........
##................###.#....
#######.....########'#....
##...#.....#...###.......
##.∩.#.....#.∩.###.(.....
##...#....(#...###.......
######.....#######{{.....
################*#.......


There were no monsters in sight!

Vanquished Creatures
  2 dread liches
  An orb of fire (Zot:5)
  A juggernaut (Depths:4)
  Frederick (Vaults:2)
  A Killer Klown (Zot:5)
  Bai Suzhen (Depths:2)
  Vashnia (Snake:3)
  3 curse toes
  Saint Roka (Vaults:4)
  2 caustic shrikes
  Jory (Vaults:4)
  The ghost of Zonian the Slayer, an adept HOFi of Beogh (Vaults:3)
  The ghost of Zonian the Slayer, an adept HOFi of Beogh (Vaults:1)
  13 golden dragons
  A bone dragon (Depths:4)
  13 tentacled monstrosities
  A walking earthen tome (Depths:3)
  10 Orb Guardians
  4 titans
  5 quicksilver dragons
  A walking divine tome (Depths:2)
  Rupert (D:15)
  The ghost of Rudyous the Severer, an adept HOFi of Jiyva (Snake:4)
  2 liches
  4 death cobs
  An Executioner (Depths:1)
  12 storm dragons
  8 sphinxes
  6 tengu reavers
  Donald (Snake:3)
  Gastronok (D:12)
  15 shadow dragons
  7 draconian monks
  6 nagarajas
  An iron dragon (Depths:3)
  3 draconian knights
  Ilsuiw (Shoals:3)
  A deep elf sorcerer (Vaults:1)
  7 fire giants
  8 frost giants
  Aizul (Snake:3)
  12 vault wardens
  5 orc warlords
  2 ghost moths
  7 draconian scorchers
  Louise (Shoals:3)
  6 draconian shifters
  13 ironbound preservers
  10 stone giants
  10 very ugly things
  7 draconian stormcallers
  5 war gargoyles
  Nessos (D:12)
  11 draconian annihilators
  3 ironbound thunderhulks
  A reaper (Depths:2)
  2 entropy weavers
  12 black draconians
  12 green draconians
  10 yellow draconians
  Azrael (Snake:3)
  2 deep elf demonologists
  13 red draconians
  10 white draconians
  10 spark wasps
  8 purple draconians
  3 minotaurs
  5 merfolk impalers
  3 merfolk javelineers
  Snorg (D:12)
  7 dire elephants (Vaults:4)
  9 ettins
  A fire dragon (shapeshifter) (Vaults:4)
  A deep elf death mage (Vaults:5)
  2 deep elf high priests (Vaults:5)
  8 fire dragons
  A great orb of eyes (Vaults:4)
  15 yaktaur captains
  5 rakshasas
  3 salamander tyrants (Snake:4)
  8 ice dragons
  7 hydras
  A caustic shrike simulacrum (IceCv)
  2 boulder beetles
  A catoblepas (Lair:5)
  5 spriggan air magi
  3 peacekeepers
  11 naga warriors
  30 vault guards
  6 ironbound frosthearts
  13 anacondas
  5 two-headed ogres
  2 merfolk aquamancers
  An alligator snapping turtle (Shoals:3)
  A death knight (D:13)
  13 satyrs
  16 centaur warriors
  5 tengu warriors
  5 merfolk avatars
  10 deep troll earth magi
  3 deep troll shamans
  A satyr (shapeshifter) (Vaults:4)
  10 death yaks
  6 shock serpents
  Urug (D:12)
  20 naga sharpshooters
  4 spriggan berserkers
  A vampire mage (Depths:3)
  A thrashing horror (Abyss:2)
  A sun demon (Depths:2)
  A deep elf knight (Vaults:3)
  Sonja (Orc:2)
  9 iron trolls
  2 shadow wraiths
  Amaemon (D:9)
  10 skeletal warriors
  3 sixfirhies (Depths:2)
  A storm dragon skeleton (Vaults:3)
  A flayed ghost (Depths:3)
  A swamp dragon (shapeshifter) (Vaults:5)
  5 glowing orange brains
  A swamp dragon (Zot:3)
  57 deep trolls
  7 sea snakes
  8 naga ritualists
  6 salamander mystics
  5 spriggan simulacra
  A lindwurm (shapeshifter) (D:15)
  2 wizards (Vaults:3)
  11 orc knights
  4 bog bodies (IceCv)
  14 lindwurms
  Pikel (D:6)
  13 ironbound convokers
  A sphinx zombie (Depths:1)
  6 phantasmal warriors
  14 harpies
  3 necromancers
  A shining eye (Abyss:2)
  A harpy (shapeshifter) (Vaults:5)
  2 sphinx skeletons (Vaults:3)
  A deep elf pyromancer (D:13)
  21 manticores
  2 oklob plants
  4 orc sorcerers
  16 mana vipers
  2 tengu skeletons
  2 wolf spiders (shapeshifter)
  A faun (shapeshifter) (Vaults:5)
  13 salamanders
  22 fauns
  4 cyclopes
  19 slime creatures
  32 ugly things
  16 moths of wrath
  A rust devil (Depths:3)
  2 stone giant skeletons (Vaults:3)
  6 water nymphs
  Maurice (D:9)
  36 black mambas
  9 guardian serpents
  4 merfolk sirens
  16 naga magi
  4 elephants (Lair:5)
  24 vault sentinels
  A fire giant skeleton (Vaults:3)
  11 cane toads
  An unseen horror (D:12)
  An orange demon (D:9)
  A torpor snail (Lair:4)
  4 kobold demonologists
  4 rime drakes
  9 komodo dragons
  33 yaktaurs
  4 anaconda simulacra (IceCv)
  2 ice devils (Depths:2)
  5 tengu conjurers
  19 freezing wraiths
  2 golden dragon simulacra (IceCv)
  An ancient zyme (Abyss:2)
  3 trolls
  3 meliai (D:13)
  3 hornets (Depths:2)
  25 merfolk
  2 merfolk (shapeshifter)
  2 polar bears (Lair:5)
  A tarantella (Vaults:3)
  23 blink frogs
  9 wind drakes
  2 dream sheep (Shoals:3)
  4 snapping turtles
  12 spriggans
  2 ynoxinuls
  Sigmund (D:2)
  5 shadows
  An ettin skeleton (Vaults:3)
  A large abomination (Abyss:2)
  44 yaks
  A vampire (D:8)
  9 water elementals
  2 wraiths
  5 wyverns
  2 chaos spawn (Depths:2)
  4 fire elementals (Snake:3)
  2 humans (D:8)
  4 redbacks
  3 basilisks
  4 steam dragons
  5 minotaur simulacra
  7 vampire mosquitoes
  28 nagas
  5 harpy simulacra
  A glowing shapeshifter zombie (Depths:1)
  6 wargs
  3 acid dragons
  13 water moccasins
  2 hydra simulacra (IceCv)
  A floating eye (Depths:1)
  A small abomination (Abyss:2)
  An ettin simulacrum (IceCv)
  4 ice beasts
  A sky beast (D:6)
  2 black bears
  4 alligator simulacra (IceCv)
  34 orc warriors
  10 ogres
  6 boggarts
  14 wolves
  7 centaurs
  2 lemures (D:6)
  2 phantoms
  4 elf zombies (Ossuary)
  7 kobold brigands
  11 bullfrogs
  3 deep troll simulacra
  A gnoll sergeant (D:9)
  4 human skeletons (Vaults:3)
  3 necrophages
  4 scorpions
  A glowing shapeshifter simulacrum (Depths:1)
  6 wights
  14 killer bees
  4 lindwurm simulacra (IceCv)
  A howler monkey (D:9)
  A hound (D:4)
  25 orc priests
  5 centaur zombies
  5 jellies
  A gnoll bouda (Orc:2)
  7 human zombies
  2 iguanas
  31 orc wizards
  Natasha (twice) (D:2)
  6 mummies
  A howler monkey zombie (D:9)
  Robin (D:2)
  An adder (D:3)
  11 gnolls
  2 white imps
  4 ufetubi
  3 worms
  2 dart slugs
  88 orcs
  3 bats
  14 endoplasms
  4 giant cockroaches
  17 goblins
  14 hobgoblins
  3 jackals (D:3)
  5 quokkas
  7 ball pythons
  3 frilled lizards
  27 kobolds
  2 rats (D:1)
  2 fire vortices (D:6)
1832 creatures vanquished.

Vanquished Creatures (collateral kills)
  A quicksilver dragon (Zot:5)
  A titan (Depths:3)
  2 shadow dragons
  A draconian knight (Zot:3)
  An iron dragon (Depths:3)
  2 draconian scorchers
  A draconian shifter (Zot:3)
  A stone giant (Depths:2)
  2 ironbound thunderhulks (Vaults:4)
  2 ironbound preservers
  A very ugly thing (Vaults:5)
  A hydra (Lair:5)
  A satyr (Shoals:4)
  A centaur warrior (D:13)
  A merfolk aquamancer (Shoals:4)
  A salamander mystic (Snake:4)
  6 deep trolls
  A swamp dragon (Zot:3)
  An obsidian statue (IceCv)
  2 ironbound convokers
  2 harpies (Vaults:1)
  An orc knight (Vaults:3)
  A slime creature (Vaults:1)
  A vault sentinel (Vaults:1)
  A water nymph (Shoals:4)
  A yaktaur (Vaults:1)
  3 water elementals (Shoals:4)
  A wraith (D:13)
  A naga (Snake:4)
  An orc warrior (Vaults:4)
  A human skeleton (Vaults:3)
44 creatures vanquished.

Vanquished Creatures (others)
  A draconian knight (Zot:2)
  A yellow draconian (Zot:5)
  A yaktaur captain (Vaults:1)
  A phantasmal warrior (Vaults:4)
  An electric eel (D:12)
  4 bushes (Lair:5)
  A fire vortex (D:6)
  39 fungi
  61 plants
  11 toadstools (D:2)
121 creatures vanquished.

Grand Total: 1997 creatures vanquished

Notes
Turn   | Place    | Note
-------+----------+-------------------------------------------
     0 | D:1      | infinitevox the Demonspawn Wanderer began the quest for the
                  | Orb.
     0 | D:1      | infinitevox set off with the following items: a +0 dagger,
                  | a potion of lignification, 12 poisoned darts, a +2 buckler,
                  | a scroll of silence, a +0 robe.
     0 | D:1      | Reached XP level 1. HP: 21/21 MP: 1/1
   109 | D:1      | Reached skill level 3 in Shields
   124 | D:1      | Gained mutation: You have sharp fingernails. [demonic
                  | ancestry]
   124 | D:1      | Reached XP level 2. HP: 27/27 MP: 2/2
   691 | D:1      | Gained mutation: You are surrounded by a mild repulsion
                  | field. (EV +2) [demonic ancestry]
   691 | D:1      | Reached XP level 3. HP: 31/33 MP: 3/3
   880 | D:2      | Found a faded altar of an unknown god.
   966 | D:2      | Noticed Robin
  1000 | D:2      | Killed Robin
  1310 | D:2      | Noticed Natasha
  1319 | D:2      | Noticed Sigmund
  1320 | D:2      | Killed Natasha
  1321 | D:2      | Reached skill level 4 in Shields
  1321 | D:2      | Reached XP level 4. HP: 36/39 MP: 4/4
  1354 | D:2      | Killed Sigmund
  1355 | D:2      | Reached skill level 1 in Fire Magic
  1355 | D:2      | Gained mutation: Your demonic aura sometimes causes spilled
                  | blood to erupt in flames. [demonic ancestry]
  1355 | D:2      | Reached XP level 5. HP: 39/44 MP: 5/5
  1465 | D:2      | Noticed Natasha
  1479 | D:2      | Killed Natasha
  1480 | D:2      | Reached XP level 6. HP: 29/51 MP: 6/6
  1697 | D:2      | Reached skill level 1 in Armour
  2267 | D:3      | Learned a level 1 spell: Shock
  2532 | D:3      | Identified the +2 sling of Pestilence {speed, Str+8 Int-4}
  3067 | D:4      | Found a snail-covered altar of Cheibriados.
  3086 | D:4      | Reached skill level 1 in Unarmed Combat
  3237 | D:4      | Gained mutation: You have very sharp fingernails. [demonic
                  | ancestry]
  3237 | D:4      | Reached XP level 7. HP: 39/56 MP: 7/7
  3502 | D:4      | Found a staircase to the Ecumenical Temple.
  3591 | D:4      | Found a sand-covered staircase.
  3607 | Ossuary  | Entered an ossuary
  3924 | Ossuary  | Reached XP level 8. HP: 59/64 MP: 8/8
  4285 | Ossuary  | Reached skill level 5 in Armour
  4719 | Temple   | Entered the Ecumenical Temple
  4753 | Temple   | Became a worshipper of Ashenzari the Shackled
  4943 | D:5      | Entered Level 5 of the Dungeon
  5180 | D:5      | Learned a level 2 spell: Blink
  5187 | D:5      | Found a hazy altar of Hepliaklqana.
  5188 | D:5      | Found a shadowy altar of Dithmenos.
  5200 | D:5      | Found a radiant altar of Vehumet.
  5954 | D:6      | Reached XP level 9. HP: 30/73 MP: 9/9
  6243 | D:6      | Identified the +3 cloak of the Monk {rN+}
  6332 | D:6      | Reached skill level 1 in Dodging
  6534 | D:6      | Noticed Pikel
  6547 | D:6      | Killed Pikel
  6548 | D:6      | Reached skill level 5 in Unarmed Combat
  6699 | D:6      | Reached XP level 10. HP: 83/83 MP: 9/15
  7251 | D:7      | Reached * piety under Ashenzari
  7385 | D:7      | Found a burning altar of Makhleb.
  8053 | D:8      | Reached skill level 5 in Long Blades
  8186 | D:8      | Gained mutation: You are surrounded by a moderate repulsion
                  | field. (EV +3) [demonic ancestry]
  8186 | D:8      | Reached XP level 11. HP: 89/89 MP: 16/16
  8212 | D:8      | Reached ** piety under Ashenzari
  8316 | D:8      | Found an ornate altar of the Wu Jian Council.
  8363 | D:8      | Found an iron altar of Okawaru.
  8453 | D:8      | Found a stormy altar of Qazlal.
  8837 | D:9      | Found a basalt altar of Yredelemnul.
  8987 | D:9      | Noticed a two-headed ogre
  8997 | D:9      | Killed a two-headed ogre
  8998 | D:9      | Reached skill level 5 in Dodging
  9025 | D:9      | Found a staircase to the Orcish Mines.
  9136 | D:9      | Noticed Maurice
  9145 | D:9      | Killed Maurice
  9260 | D:9      | Noticed Amaemon
  9422 | D:9      | Killed Amaemon
  9694 | D:9      | Noticed a two-headed ogre
  9720 | D:9      | Killed a two-headed ogre
 10079 | D:9      | Identified a scroll of acquirement
 10096 | D:9      | Acquired a +4 triple sword of distortion
 10387 | D:10     | Entered Level 10 of the Dungeon
 10394 | D:10     | Found a flagged portal.
 10417 | Bailey   | Entered a bailey
 10741 | Bailey   | Noticed a two-headed ogre
 10755 | Bailey   | Killed a two-headed ogre
 10878 | Bailey   | Identified the +5 quarterstaff of Optimality {vorpal, rC+
                  | Will++}
 10909 | Bailey   | Gained mutation: A weak demonic guardian rushes to your
                  | aid. [demonic ancestry]
 10909 | Bailey   | Reached XP level 12. HP: 66/100 MP: 19/19
 11127 | D:10     | Reached *** piety under Ashenzari
 11237 | D:10     | Found a staircase to the Lair.
 11469 | D:10     | Found a sparkling altar of Nemelex Xobeh.
 11943 | Lair:1   | Entered Level 1 of the Lair of Beasts
 12474 | Lair:1   | Noticed a five-headed hydra
 12649 | Lair:1   | Killed a five-headed hydra
 12650 | Lair:1   | Reached skill level 10 in Fighting
 13273 | Lair:2   | Reached **** piety under Ashenzari
 13438 | Lair:2   | Found a staircase to the Shoals.
 14241 | Lair:3   | Identified the ring "Cuadio Juci" {+Blink rN+ MP+9}
 14262 | Lair:3   | Gained mutation: You are surrounded by a strong repulsion
                  | field. (EV +4, RMsl) [demonic ancestry]
 14262 | Lair:3   | Reached XP level 13. HP: 102/113 MP: 22/22
 14512 | Lair:3   | Found a staircase to the Snake Pit.
 14640 | Lair:3   | Reached ***** piety under Ashenzari
 15187 | Lair:4   | Reached skill level 10 in Dodging
 15769 | Lair:4   | Found a staircase to the Slime Pits.
 16329 | Lair:5   | Entered Level 5 of the Lair of Beasts
 16851 | Lair:5   | Found a broken altar of Ashenzari.
 16991 | Lair:5   | Reached skill level 1 in Evocations
 17147 | Lair:5   | Gained mutation: You have claws for hands. [demonic
                  | ancestry]
 17147 | Lair:5   | Reached XP level 14. HP: 109/126 MP: 24/24
 18052 | Lair:5   | Reached skill level 10 in Armour
 18364 | Orc:1    | Entered Level 1 of the Orcish Mines
 18543 | Orc:1    | Paralysed by an orc sorcerer for 5 turns
 18918 | Orc:2    | Entered Level 2 of the Orcish Mines
 18998 | Orc:2    | Noticed Sonja
 19038 | Orc:2    | Killed Sonja
 19304 | Orc:2    | Found a staircase to the Elven Halls.
 19362 | Orc:2    | Found Xygech's Jewellery Shop.
 19490 | Orc:2    | Found Bebrian's Antique Armour Shoppe.
 19495 | Orc:2    | Noticed an orc warlord
 19498 | Orc:2    | Found Noutioro's Antique Weapon Emporium.
 19535 | Orc:2    | Found Keivaog's Antique Weapon Boutique.
 19646 | Orc:2    | Bought an encrusted long sword for 195 gold pieces
 19646 | Orc:2    | Identified the +4 long sword of Makhleb, Forging {vamp,
                  | rElec rF+ Str-3} (You bought it in a shop on level 2 of the
                  | Orcish Mines)
 19774 | Orc:2    | Killed an orc warlord
 19798 | Orc:2    | Paralysed by an orc sorcerer for 5 turns
 19932 | Orc:2    | Bought a heavy robe for 176 gold pieces
 19932 | Orc:2    | Identified the +2 robe "Myishroj" {Str+3} (You bought it in
                  | a shop on level 2 of the Orcish Mines)
 19932 | Orc:2    | Bought the -2 hat of the Alchemist {rElec rPois rF+ rC+ rN+
                  | Will+ rMut rCorr} for 1463 gold pieces
 19932 | Orc:2    | Found the -2 hat of the Alchemist {rElec rPois rF+ rC+ rN+
                  | Will+ rMut rCorr}
 19932 | Orc:2    | Bought a pair of embroidered boots for 232 gold pieces
 20247 | Snake:1  | Entered Level 1 of the Snake Pit
 20463 | Snake:1  | Found a broken altar of Ashenzari.
 20503 | Snake:1  | Reached skill level 10 in Unarmed Combat
 20708 | Snake:1  | Found Ewkia's Magic Scroll Emporium.
 20754 | Snake:1  | Found Duatojon's Book Boutique.
 20755 | Snake:1  | Found Rataufyc's Jewellery Emporium.
 20756 | Snake:1  | Found Ryoviunk's Book Boutique.
 21817 | Snake:2  | Learned a level 4 spell: Sticky Flame
 21822 | Snake:2  | Learned a level 4 spell: Airstrike
 21931 | Snake:2  | Reached XP level 15. HP: 132/132 MP: 25/25
 23311 | Snake:3  | Noticed Vashnia
 23358 | Snake:3  | Killed Vashnia
 23517 | Snake:3  | Noticed a nagaraja
 23525 | Snake:3  | Killed a nagaraja
 23780 | Snake:3  | Noticed Azrael
 23813 | Snake:3  | Killed Azrael
 24097 | Snake:3  | Found Tihed's Distillery.
 24100 | Snake:3  | Found Rilenn's Book Boutique.
 24100 | Snake:3  | Found Gityuho's Magic Scroll Shop.
 24109 | Snake:3  | Bought a potion of curing for 45 gold pieces
 24109 | Snake:3  | Bought 2 potions of might for 120 gold pieces
 24109 | Snake:3  | Found Aduip's Weapon Boutique.
 24210 | Snake:3  | Noticed Donald
 24224 | Snake:3  | Killed Donald
 24379 | Snake:3  | Noticed a nagaraja
 24385 | Snake:3  | Killed a nagaraja
 24647 | Snake:3  | Noticed Aizul
 24657 | Snake:3  | Killed Aizul
 24944 | Snake:3  | Bought 2 potions of curing for 90 gold pieces
 24966 | Snake:4  | Entered Level 4 of the Snake Pit
 24978 | Snake:4  | Noticed a nagaraja
 24999 | Snake:4  | Killed a nagaraja
 25004 | Snake:4  | Reached skill level 15 in Unarmed Combat
 25296 | Snake:4  | Reached skill level 5 in Shields
 25488 | Snake:4  | Found a runed translucent door.
 25488 | Snake:4  | Noticed Rudyous's ghost (adept HOFi)
 25650 | Snake:4  | Reached skill level 6 in Shields
 25900 | Snake:4  | Noticed a nagaraja
 25911 | Snake:4  | Gained mutation: A demonic guardian rushes to your aid.
                  | [demonic ancestry]
 25911 | Snake:4  | Reached XP level 16. HP: 126/139 MP: 26/26
 25957 | Snake:4  | Found Eleob's Jewellery Shoppe.
 25979 | Snake:4  | Reached skill level 7 in Shields
 26448 | Snake:4  | Reached skill level 8 in Shields
 26851 | Snake:4  | Reached skill level 9 in Shields
 27375 | Snake:4  | Reached skill level 10 in Shields
 27601 | Snake:4  | Reached skill level 11 in Shields
 27786 | Snake:4  | Got a serpentine rune of Zot
 28081 | Snake:4  | Killed Rudyous's ghost
 28418 | Shoals:1 | Entered Level 1 of the Shoals
 28998 | Shoals:1 | Reached skill level 12 in Shields
 29645 | Shoals:2 | Found Fyicw's Antique Weapon Boutique.
 30016 | Shoals:2 | Gained mutation: A powerful demonic guardian rushes to your
                  | aid. [demonic ancestry]
 30016 | Shoals:2 | Reached XP level 17. HP: 142/147 MP: 27/27
 30570 | Shoals:3 | Found Tienyhil's One-of-a-Kind Rings.
 30740 | Shoals:3 | Noticed Ilsuiw
 30796 | Shoals:3 | Killed Ilsuiw
 31408 | Shoals:3 | Noticed Louise
 31431 | Shoals:3 | Killed Louise
 31575 | Shoals:3 | Identified the +7 great sword of Vigaec {elec, *Noise rElec
                  | rF+ Will+}
 32018 | Shoals:4 | Entered Level 4 of the Shoals
 32090 | Shoals:3 | Reached skill level 15 in Fighting
 32886 | Abyss:2  | Found a corrupted altar of Lugonu.
 32886 | Abyss:2  | Cast into level 2 of the Abyss (merfolk javelineer)
 33118 | Shoals:4 | Escaped the Abyss
 33454 | Shoals:4 | Identified the +1 flail of Compound Interest {antimagic,
                  | Int+3 Dex+2}
 33608 | Shoals:4 | Identified the ring "Feutuch" {Wiz MP+9}
 33689 | Shoals:4 | Got a barnacled rune of Zot
 33921 | Shoals:4 | Identified the Grimoire of the Quantum Barrage
 34292 | Snake:4  | Bought the amulet of Ujavvem {Reflect SH+5 SInv} for 576
                  | gold pieces
 35118 | D:12     | Noticed Snorg
 35126 | D:12     | Noticed Gastronok
 35128 | D:12     | Killed Snorg
 35148 | D:12     | Killed Gastronok
 35225 | D:12     | Noticed Urug
 35446 | D:12     | Upgraded the game from 0.29.1-2-gbd0b4ee654 to
                  | 0.29.1-13-g9f3cf754e1
 35650 | D:12     | Noticed Nessos
 35667 | D:12     | Killed Nessos
 35668 | D:12     | Gained mutation: Your demonic aura often causes spilled
                  | blood to erupt in flames. [demonic ancestry]
 35668 | D:12     | Reached XP level 18. HP: 145/162 MP: 27/27
 35909 | D:12     | Killed Urug
 36175 | D:13     | Identified the +1 robe of Uzoaxt {Will- MP+9 Dex+2}
 36996 | D:14     | Identified the amulet of Modesty {RegenMP rF+ rC- Str+2}
 36996 | D:14     | Found a transporter.
 36996 | D:14     | Found a transporter.
 36996 | D:14     | Found a transporter.
 37011 | D:14     | Found a sparkling altar of Nemelex Xobeh.
 37081 | D:14     | Found a transporter.
 37082 | D:14     | Found a transporter.
 37083 | D:14     | Found a transporter.
 37090 | D:14     | Noticed a juggernaut
 37356 | D:14     | Found a gate to the Vaults.
 37583 | D:15     | Entered Level 15 of the Dungeon
 37606 | D:15     | Found a frozen archway.
 37643 | IceCv    | Entered an ice cave
 38237 | IceCv    | Reached skill level 13 in Shields
 38576 | IceCv    | Found an ancient bone altar of Kikubaaqudgha.
 38587 | IceCv    | Noticed a lich
 38769 | IceCv    | Killed a lich
 38856 | IceCv    | Identified the ring of the Bouncing Lives {rN+ Str+4 Dex+4}
 39509 | D:15     | Noticed Rupert
 39515 | D:15     | Killed Rupert
 39595 | D:15     | Found a staircase to the Depths.
 39952 | D:15     | Reached skill level 14 in Shields
 40431 | Vaults:1 | Entered Level 1 of the Vaults
 41043 | Vaults:1 | Gained mutation: You punish those that try to bend your
                  | will. (Will+) [demonic ancestry]
 41043 | Vaults:1 | Reached XP level 19. HP: 55/169 MP: 28/28
 41047 | Vaults:1 | HP: 2/169 [ironbound frostheart/creeping frost (7)]
 41622 | Vaults:1 | Reached skill level 15 in Shields
 42474 | Vaults:1 | Found a runed translucent gate.
 42474 | Vaults:1 | Found a runed translucent gate.
 42475 | Vaults:1 | Found a runed translucent gate.
 42477 | Vaults:1 | Noticed Zonian's ghost (adept HOFi)
 42478 | Vaults:1 | Identified the ring "Untoyx" {rElec rF++ rC+}
 42478 | Vaults:1 | Identified the +0 cloak "Mied" {*Corrode Str-4 Dex+7}
 42500 | Vaults:1 | Identified the +1 ring mail "Zootutyn" {Will+ Int+6}
 42749 | Vaults:1 | Killed Zonian's ghost
 43469 | Vaults:2 | Noticed Frederick
 43486 | Vaults:2 | Killed Frederick
 43586 | Vaults:2 | Upgraded the game from 0.29.1-13-g9f3cf754e1 to
                  | 0.29.1-14-g9c671dbff4
 44074 | Vaults:2 | Found Eckannoa's Assorted Antiques.
 44081 | Vaults:2 | Bought a worn wooden wand for 140 gold pieces
 44472 | Vaults:3 | Reached skill level 16 in Shields
 45044 | Vaults:3 | Found a runed translucent gate.
 45046 | Vaults:3 | Found a runed translucent gate.
 45047 | Vaults:3 | Found a runed translucent gate.
 45047 | Vaults:3 | Noticed Zonian's ghost (adept HOFi)
 45049 | Vaults:3 | Identified the +0 pair of boots of Midnight {rN+ Str+4
                  | Dex+5}
 45050 | Vaults:3 | Found an iron altar of Okawaru.
 45134 | Vaults:3 | Reached skill level 5 in Air Magic
 46072 | Vaults:3 | Found a staircase to the Crypt.
 46258 | Vaults:3 | Reached skill level 17 in Shields
 46286 | Vaults:3 | Gained mutation: You are resistant to unholy torment.
                  | [demonic ancestry]
 46286 | Vaults:3 | Reached XP level 20. HP: 167/178 MP: 30/30
 47067 | Vaults:3 | Killed Zonian's ghost
 47719 | Vaults:4 | Reached skill level 5 in Evocations
 47968 | Vaults:4 | Noticed Saint Roka
 47979 | Vaults:4 | Killed Saint Roka
 47980 | Vaults:4 | Reached skill level 18 in Shields
 48431 | Vaults:4 | Identified the +2 falchion of the Feather {distort, rC+
                  | Int+2 Dex+4}
 48523 | Vaults:4 | Identified the +9 whip of Zosmine {vamp, rPois Str+5}
 48598 | Vaults:5 | Entered Level 5 of the Vaults
 48599 | Vaults:5 | Noticed Jory
 48847 | Vaults:4 | Killed Jory
 49206 | Vaults:5 | Reached skill level 19 in Shields
 49206 | Vaults:5 | Reached XP level 21. HP: 75/185 MP: 31/31
 49875 | Vaults:5 | Noticed a dread lich
 50028 | Vaults:5 | Identified the Monograph on Incendiary Jinxing
 50115 | Vaults:5 | Identified the +6 battleaxe "Juduzxas" {vorpal, Dex+4}
 50501 | Vaults:5 | Killed a dread lich
 51046 | Vaults:5 | Reached skill level 20 in Shields
 51213 | Vaults:5 | Noticed a golden dragon
 51232 | Vaults:5 | Killed a golden dragon
 51422 | Vaults:5 | Identified the ring of Vosayquc {MP+9 EV+4 Str-4 Int+3}
 51431 | Vaults:5 | Reached skill level 15 in Dodging
 52220 | Vaults:5 | Found Xioteqeut's Distillery.
 52221 | Vaults:5 | Got a silver rune of Zot
 52229 | Vaults:5 | Bought a potion of heal wounds for 65 gold pieces
 52229 | Vaults:5 | Bought 2 potions of heal wounds for 130 gold pieces
 52229 | Vaults:5 | Bought a potion of might for 52 gold pieces
 52291 | Vaults:5 | Found Peseit's Distillery.
 52370 | Vaults:5 | Identified the +6 short sword "Riumano" {freeze, rF- rC+++
                  | Int-5 Dex+7}
 52371 | Vaults:5 | Found the +11 plutonium sword {Contam Stlth-}
 52373 | Vaults:5 | Identified the +3 leather armour "Ulegal" {rF- Will+++}
 52461 | Vaults:5 | Bought 2 potions of heal wounds for 130 gold pieces
 52461 | Vaults:5 | Bought a potion of heal wounds for 65 gold pieces
 52461 | Vaults:5 | Bought a potion of curing for 39 gold pieces
 52461 | Vaults:5 | Bought a potion of resistance for 130 gold pieces
 52919 | Shoals:3 | Bought the ring "Cuimurghi" {rN+ Dex+9 Slay+4} for 1162
                  | gold pieces
 53153 | D:14     | Acquired 779 gold pieces
 53155 | D:14     | Acquired a manual of Evocations
 53250 | Depths:1 | Entered Level 1 of the Depths
 53250 | Depths:1 | Found Nopn's Antique Armour Boutique.
 53256 | Depths:1 | Bought a crude cloak for 399 gold pieces
 53256 | Depths:1 | Identified the +1 cloak "Eche" {rN+ SInv} (You bought it in
                  | a shop on level 1 of the Depths)
 53290 | Depths:1 | Found Pahyh's Magic Scroll Boutique.
 53299 | Depths:1 | Found a gateway to Hell.
 53325 | Depths:1 | Found a one-way gate leading to the halls of Pandemonium.
 53366 | Depths:1 | Found a flickering gateway to a bazaar.
 53377 | Bazaar   | Entered a bazaar
 53527 | Bazaar   | Found Qatsesae's Assorted Antiques.
 53528 | Bazaar   | Found Woamogoz's Jewellery Emporium.
 53571 | Bazaar   | Found Zupaveli's Antique Weapon Shoppe.
 53571 | Bazaar   | Found Acacywaoj's Armour Shoppe.
 53716 | Depths:1 | Identified the +4 mace "Zeigg" {flame, rElec rCorr}
 53736 | Depths:1 | Found Loowk's Neck Hole.
 53901 | Depths:1 | Reached XP level 22. HP: 169/188 MP: 30/30
 54358 | Depths:1 | Found Echexkiu's Assorted Antiques.
 54715 | Depths:2 | Paralysed by a floating eye for 3 turns
 55188 | Depths:2 | Found a runed translucent gate.
 55188 | Depths:2 | Found a runed translucent gate.
 55188 | Depths:2 | Found a runed translucent gate.
 55192 | Depths:2 | Identified the +2 pair of boots of Huito {Will+}
 55193 | Depths:2 | Noticed Gemnonof's ghost (adept DgCj)
 55193 | Depths:2 | Noticed an ancient lich
 55240 | Depths:2 | Reached skill level 10 in Evocations
 55276 | Depths:2 | Noticed Bai Suzhen
 55289 | Depths:2 | Noticed a caustic shrike
 55300 | Depths:2 | Killed a caustic shrike
 55304 | Depths:2 | Killed Bai Suzhen
 55944 | Depths:3 | Noticed a golden dragon
 55979 | Depths:3 | Killed a golden dragon
 56110 | Depths:3 | Noticed a golden dragon
 56125 | Depths:3 | Killed a golden dragon
 56636 | Depths:3 | Noticed a dread lich
 56646 | Depths:3 | Killed a dread lich
 56796 | Depths:3 | Noticed a caustic shrike
 56810 | Depths:3 | Killed a caustic shrike
 56876 | Depths:3 | Found a hazy altar of Hepliaklqana.
 56890 | Depths:3 | Found a one-way gateway to a ziggurat.
 57190 | Depths:4 | Entered Level 4 of the Depths
 57190 | Depths:4 | Noticed a golden dragon
 57289 | Depths:3 | Reached skill level 15 in Armour
 57399 | Depths:4 | Killed a golden dragon
 57500 | Depths:1 | Bought a scroll of acquirement for 884 gold pieces
 57500 | Depths:1 | Bought a scroll of poison for 68 gold pieces
 57500 | Depths:1 | Acquired 733 gold pieces
 57546 | Depths:4 | Found a sparkling altar of Nemelex Xobeh.
 57770 | Depths:4 | Reached skill level 15 in Evocations
 58013 | Depths:4 | Found a gate to the Realm of Zot.
 58013 | Depths:4 | Noticed a golden dragon
 58077 | Depths:4 | Found a blossoming altar of Fedhas.
 58085 | Depths:4 | Noticed a juggernaut
 58101 | Depths:4 | Killed a juggernaut
 58396 | Depths:4 | Reached XP level 23. HP: 200/200 MP: 33/33
 58650 | Zot:1    | Entered Level 1 of the Realm of Zot
 58654 | Depths:4 | Upgraded the game from 0.29.1-14-g9c671dbff4 to
                  | 0.29.1-15-g9cfb28693d
 59458 | Zot:1    | Reached skill level 10 in Air Magic
 60329 | Zot:2    | Identified the ring of Wehoq {Fly rCorr}
 61755 | Zot:3    | Identified the ring "Uddiucru" {rPois Will+ Int+2 Dex+6
                  | Stlth-}
 61827 | Zot:3    | Identified the amulet "Fyafuo" {Acrobat Str-2 Slay+2 SInv}
 61911 | Zot:3    | Identified the Quarto of Blows and Bruises
 61971 | Zot:3    | Identified the ring "Iloph" {Ice rN+ Str+3}
 62375 | Zot:3    | Identified Dammaj's Guide on Fey Mustering
 62390 | Zot:3    | Learned a level 3 spell: Swiftness
 62945 | Zot:4    | Noticed a curse toe
 63033 | Zot:4    | Reached XP level 24. HP: 144/208 MP: 33/33
 64318 | Zot:5    | Entered Level 5 of the Realm of Zot
 64761 | Zot:5    | Noticed an orb of fire
 64770 | Zot:5    | Noticed an orb of fire
 64773 | Zot:5    | Noticed an orb of fire
 64775 | Zot:5    | Noticed a Killer Klown
 64779 | Zot:5    | Noticed a dread lich
 64780 | Zot:5    | Noticed an ancient lich
 64785 | Zot:5    | Noticed an ancient lich
 64786 | Zot:5    | Noticed an orb of fire
 64795 | Zot:5    | Killed an orb of fire
 64797 | Zot:5    | Killed a Killer Klown
 64828 | Zot:5    | Got the Orb of Zot
 64851 | Zot:5    | Noticed a Killer Klown
 64865 | Zot:5    | Noticed a dread lich
 64866 | Zot:5    | Noticed a Killer Klown
 64869 | Zot:5    | Noticed an ancient lich
 64906 | Zot:4    | Gained mutation: Your body sometimes deteriorates upon
                  | taking damage. [an orb of fire]
 65282 | D:6      | Noticed Sedgheate the pandemonium lord
 65423 | D:$      | Escaped with the Orb!

Illustrated notes

Levels and vault maps discovered:
D:1:      minmay_arrival_glassed_features, layout_basic,
          minmay_tree_intersection, minmay_pentomino_q4
D:2:      cheibrodos_fertilizer, layout_basic,
          hellmonk_ecumenical_altar_leap_of_faith, uniq_robin, uniq_natasha,
          uniq_sigmund
D:3:      layout_basic, serial_aquarium, aquarium_bridge_straight
          [aquarium_subvault_bridge, aquarium_subvault_wall,
          aquarium_subvault_bridge, aquarium_subvault_wall],
          aquarium_bridge_square [aquarium_subvault_wall,
          aquarium_subvault_bridge, aquarium_subvault_bridge,
          aquarium_subvault_wall], aquarium_window_1, aquarium_window_corner,
          aquarium_window_2, aquarium_view_2f, aquarium_pool_2
D:4:      layout_cave_pools, cheibriados_altar_1, temple_statues,
          nicolae_ossuary_entry_plus, minmay_ruptured
D:5:      layout_loops_ring, riverfiend_overflow_shadow_ancestor,
          overflow_temple_1_default
D:6:      layout_loops_ring, eino_tiny_chamber, uniq_pikel
D:7:      layout_rooms, mainiacjoe_overflow_alcove_2
D:8:      layout_rooms, okawaru_humans, nicolae_qazlal_style_of_elements,
          lemuel_crystal_altar, minmay_diced_spiral
D:9:      minmay_s_stair_smasher, layout_irregular_city,
          lemuel_mausoleum_altar_yredelemnul, minmay_variable_closet,
          minmay_door_square, uniq_amaemon, uniq_maurice
D:10:     layout_basic, mainiacjoe_overflow_small_starburst,
          david_lair_shrubbed, enter_bailey_5
D:11:     layout_long_grid
D:12:     layout_rooms, nicolae_splish_splash, uniq_nessos, uniq_urug,
          uniq_snorg, uniq_gastronok
D:13:     layout_basic
D:14:     layout_loops_cross, david_vaults_5, hellmonk_jugg_or_not
D:15:     gammafunk_enter_depths_forms, layout_cave_pools, bh_walls_and_bars,
          portal_ice_cave_entry_ice_simulacra, nooodl_orcs_dogs, uniq_rupert
Temple:   nicolae_temple_bog_church
Lair:1:   layout_loops_ring, chequers_serial_rivers_micro_b,
          nicolae_lair_grove_arrangements
Lair:2:   layout_roguey, minmay_shoals_entry_beasts, grunt_megastairs_2
Lair:3:   layout_hall_layers, minmay_snake_entry_six_corridors,
          grunt_megastairs_3
Lair:4:   layout_regular_city, slime_entry_1, dpeg_stationary_puzzle,
          infiniplex_staircase_pool_2
Lair:5:   grunt_lair_end_beastmaster, layout_regular_city, basic_altar
Shoals:1: layout_shoals, nicolae_shoals_hidden_pirate_stash
Shoals:2: layout_shoals, serial_shops, shop_fountains,
          nicolae_shoals_elemental_ambush
Shoals:3: layout_shoals, nicolae_shop_unique_rings, uniq_louise, uniq_ilsuiw
Shoals:4: shoals_end_hellmonk_lost_city, serial_shops
Snake:1:  layout_gridlike, serial_shops, shop_scrolls, basic_altar,
          minmay_shop_grove
Snake:2:  layout_basic, lemuel_fruit_tree
Snake:3:  layout_chambers, minmay_shoptagon, grunt_megastairs_1, uniq_azrael,
          uniq_donald, uniq_aizul, uniq_vashnia
Snake:4:  snake_pit_salamanders_mu, layout_basic,
          hellmonk_ghost_happy_afterlife, serial_shops, shop
Orc:1:    layout_diamond_mine, nicolae_orc_tapped_out
Orc:2:    grunt_orc_community_town_hall, layout_diamond_mine,
          grunt_orc_community_big_house_1, grunt_orc_community_big_house_1,
          grunt_orc_community_house_1, grunt_orc_community_house_1,
          grunt_orc_community_house_2, grunt_orc_community_house_2,
          grunt_orc_community_house_2, uniq_sonja
Vaults:1: gammafunk_ghost_tricky_traps, vaults_room_hallway,
          nicolae_vaults_big_ls, nicolae_vaults_little_squares_6,
          ontoclasm_vaults_tryst, nicolae_vaults_yaktaur_gun_rack,
          v_alt_pattern_5, vaults_room_corners, vaults_room_fours,
          ontoclasm_vaults_eye, vaults_dpeg_encased_lava, layout_vaults_big_room
Vaults:2: v_alt_pattern_1, nicolae_vaults_angled_halls, vaults_room_fours,
          hangedman_vaults_impose, nicolae_vaults_little_squares_1,
          vaults_standard_mumra_x, layout_vaults_omnigrid, serial_shops, shop,
          uniq_frederick
Vaults:3: gammafunk_ghost_fury_of_okawaru, minmay_crypt_entry_skeletal_spiral,
          nicolae_vaults_know_your_exits, v_pattern_2, vaults_dpeg_cross,
          v_rooms_3, vaults_room_ringed_pool, hangedman_vaults_stream, v_misc_8,
          grunt_vaults_focal, nicolae_vaults_specimen_jars,
          grunt_vaults_hallway_short, layout_vaults_big_cross
Vaults:4: hangedman_vaults_hat, v_alt_pattern_3, nicolae_vaults_rhombus_7,
          vaults_room_grunt_arrival_ludios, nicolae_vaults_little_squares_6,
          v_misc_18, nicolae_vaults_back_hallway,
          nicolae_vaults_mini_display_case, nicolae_vaults_alarming,
          dpeg_vaults_waves, vaults_room_fours, ontoclasm_vaults_misaligned,
          nicolae_vaults_ring_of_whatevers, layout_vaults_maze, uniq_saint_roka
Vaults:5: serial_shops, uniq_jory
Depths:1: layout_gridlike, hell_entry, pan_entry, serial_shops,
          bzr_entry_customers, nicolae_shop_trees, shop, shop,
          nicolae_shop_sticking_my_neck_out
Depths:2: minmay_strange_plus, layout_cave_pools, gammafunk_ghost_necromancy,
          hell_entry, grunt_pan_entry_spiral, minmay_misc_feat_diagonals,
          uniq_bai_suzhen
Depths:3: minmay_octo_star, layout_cave_pools, enter_ziggurat_a, hell_entry,
          pan_entry, abyss_entry, worldfamousw_hep_ancestral_shrine
Depths:4: grunt_zot_entry_funnels, layout_gridlike, hangedman_coc_ice_floe,
          fedhas_altar_1, nemelex_lonely_heart_becter
Zot:1:    layout_basic
Zot:2:    layout_gridlike
Zot:3:    layout_misc_corridors, st_large_dragon_hoard_4
Zot:4:    minmay_elemental_castle, layout_onion, zot_minivault_7
Zot:5:    layout_cellular_growth, grunt_ministairs_15, hangedman_zot_decor_slant

Skill      XL: |  1  2  3  4  5  6  7  8  9 10 11 12 13 14 15 16 17 18 19 20 21 22 23 24 |
---------------+-------------------------------------------------------------------------+-----
Shields        | 3 4 6 12 14 17 19 20 | 20.3
Throwing       | 2 3 |  3.0
Fire Magic     | 1 |  1.1
Armour         | 3 4 6 7 9 10 11 15 | 15.0
Unarmed Combat | 1 2 4 5 6 8 11 15 17 19 | 19.6
Fighting       | 6 7 9 11 13 18 | 18.2
Dodging        | 4 6 8 10 11 13 14 15 16 | 16.1
Long Blades    | 3 5 8 |  8.0
Spellcasting   | 3 4 |  4.0
Conjurations   | 4 |  4.1
Translocations | 3 4 |  4.0
Air Magic      | 4 5 8 9 10 | 10.0
Evocations     | 1 4 5 8 15 16 | 16.7
Polearms       | |  0.3
Ranged Weapons | |  0.3
Stealth        | |  1.0
Hexes          | |  0.6
Summonings     | |  0.4
Necromancy     | |  0.5
Transmutations | |  0.3
Ice Magic      | |  0.3
Earth Magic    | |  0.3
Poison Magic   | |  0.4
Invocations    | |  0.6

Action                   |  1- 3 |  4- 6 |  7- 9 | 10-12 | 13-15 | 16-18 | 19-21 | 22-24 || total
-------------------------+-------+-------+-------+-------+-------+-------+-------+-------++-------
Melee: Dagger            |   110 |   163 |    96 |       |       |       |       |       ||   369
       War axe           |       |       |   118 |       |       |       |       |       ||   118
       Long sword        |       |       |   103 |   688 |   358 |       |       |       ||  1149
       Staff             |       |       |    16 |     1 |    29 |       |       |       ||    46
       Unarmed           |       |       |       |       |  1041 |  1725 |  1496 |  1707 ||  5969
 Fire: Sling             |       |    17 |     6 |     2 |       |       |       |       ||    25
Throw: Dart              |    23 |    13 |    21 |    13 |     2 |       |       |       ||    72
       Boomerang         |       |       |    14 |    33 |     1 |       |       |       ||    48
       Throwing net      |       |       |       |     2 |     1 |       |     1 |       ||     4
 Cast: Blink             |       |       |       |     2 |       |       |       |     7 ||     9
       Shock             |       |       |       |       |     2 |     2 |     1 |     4 ||     9
       Airstrike         |       |       |       |       |       |     2 |       |     2 ||     4
       Swiftness         |       |       |       |       |       |       |       |     2 ||     2
Invok: Curse Item        |       |       |     1 |     6 |     3 |     1 |     1 |     3 ||    15
       Shatter the Chain |       |       |       |       |     2 |     2 |     3 |       ||     7
Evoke: Wand              |       |     6 |     1 |    14 |    21 |    25 |     5 |    16 ||    88
       Phial of floods   |       |       |       |       |     1 |       |       |     5 ||     6
       Lightning rod     |       |       |       |       |       |       |    12 |     6 ||    18
       Phantom mirror    |       |       |       |       |       |       |     1 |     1 ||     2
       Condenser vane    |       |       |       |       |       |       |     1 |     1 ||     2
       Box of beasts     |       |       |       |       |       |       |       |     1 ||     1
  Use: Potion            |     2 |     1 |     3 |     7 |     6 |    13 |    18 |    22 ||    72
       Scroll            |     1 |    11 |    13 |     5 |     5 |    11 |    33 |    10 ||    89
 Stab: Sleeping          |     4 |     3 |     2 |     5 |    14 |    10 |     6 |    12 ||    56
       Distracted        |       |     1 |       |       |     2 |     8 |     8 |    14 ||    33
       Paralysed         |       |       |       |    17 |    24 |       |     2 |       ||    43
       Petrified         |       |       |       |       |    13 |       |       |       ||    13
       Invisible         |       |       |       |       |     6 |       |     1 |       ||     7
       Petrifying        |       |       |       |       |     3 |       |       |       ||     3
       Held in net/web   |       |       |       |       |     1 |       |       |       ||     1
Armor: Robe              |     2 |       |       |       |       |       |       |       ||     2
       Skin              |     4 |     6 |       |       |       |       |       |       ||    10
       Ring mail         |       |    19 |   117 |   112 |       |       |       |       ||   248
       Acid dragon scale |       |       |       |    25 |   182 |   154 |    96 |       ||   457
       Quicksilver drago |       |       |       |       |       |       |    23 |   134 ||   157
Dodge: Dodged            |    16 |    44 |   101 |   380 |   862 |   929 |   740 |   788 ||  3860
       Repelled          |       |       |       |       |    19 |    18 |    18 |    38 ||    93
Block: Buckler           |    15 |    25 |   111 |   431 |   942 |  1135 |   162 |       ||  2821
       Reflection        |       |       |       |     3 |    72 |   109 |    52 |    17 ||   253
       Kite shield       |       |       |       |       |       |       |  1257 |  1536 ||  2793
